 Dungeon Crawl Stone Soup version 0.15.2 (webtiles) character file.

640 JackS81 the Spear-Bearer (level 7, 0/53 HPs)
             Began as a Merfolk Death Knight on Aug 18, 2017.
             Was a Priest of Yredelemnul.
             Splashed by a jelly's acid (9 damage)
             ... on Level 5 of the Dungeon.
             The game lasted 00:27:17 (3451 turns).

JackS81 the Spear-Bearer (Merfolk Death Knight)     Turns: 3451, Time: 00:27:18

HP   0/53        AC -39    Str 15      XL: 7   Next: 51%
MP  11/11        EV 17     Int 11      God: Yredelemnul [***...]
Gold 268         SH  0     Dex 15      Spells:  0 memorised,  6 levels left

rFire  . . .     SeeInvis .     a - +1 spear
rCold  . . .     Clarity  .     b - +0 leather armour
rNeg   . . .     rCorr    .     (no shield)
rPois  .         rRot     .     (no helmet)
rElec  .         Spirit   .     (no cloak)
SustAb .         Warding  .     (no gloves)
rMut   .         Stasis   .     u - +1 pair of boots
Gourm  .                        (no amulet)
MR     .....                    j - ring of regeneration
                                h - +4 ring of evasion

@: injury mirror, corroded equipment, not resistant to hostile enchantments,
very unstealthy
A: change form in water, swift swim, agile 1
a: Animate Dead, Recall Undead Slaves, Injury Mirror, Renounce Religion


You were on level 5 of the Dungeon.
You worshipped Yredelemnul.
Yredelemnul was most pleased with you.
You were not hungry.

You visited 1 branch of the dungeon, and saw 5 of its levels.

You collected 268 gold pieces.

Inventory:

Hand weapons
 a - a +1 spear (weapon)
 x - a +2 whip of freezing
 A - a +2 great sword of protection
Missiles
 e - 13 stones (quivered)
 k - 12 arrows
 l - 34 bolts
 s - 34 sling bullets
 y - 10 poisoned needles
 C - 14 arrows of frost
Armour
 b - a +0 leather armour (worn)
 u - a +1 pair of boots (worn)
Comestibles
 c - 4 bread rations
 f - a beef jerky
 g - 3 meat rations
 w - 2 fruits
 z - a royal jelly
Scrolls
 d - a scroll of magic mapping
 n - a scroll of enchant weapon {unknown}
 o - a scroll of enchant armour
 p - a scroll of fear
 q - a scroll of noise {unknown}
 t - a scroll of remove curse
 B - a scroll of random uselessness {unknown}
 E - 3 scrolls of teleportation
Jewellery
 h - a +4 ring of evasion (left hand)
 i - a cursed ring of teleportation
 j - a ring of regeneration (right hand)
 m - an uncursed ring of flight
Potions
 r - a potion of magic
 D - a potion of curing
Rods
 v - a -1 lightning rod (12/12)
   (You found it on level 5 of the Dungeon)


   Skills:
 * Level 3.7 Fighting
 - Level 10.0 Polearms
 - Level 0.7 Armour
 * Level 3.6 Dodging
 - Level 3.3 Invocations


You had 6 spell levels left.
You didn't know any spells.

Dungeon Overview and Level Annotations

Branches:
Dungeon (5/15)
 Temple: D:4-7

Altars:
Ashenzari
Dithmenos
Okawaru
Qazlal
Sif Muna
Trog
Xom
Yredelemnul
The Shining One

Shops:
D:5 %


Innate Abilities, Weirdness & Mutations

You revert to your normal form in water.
You are very nimble and swift while swimming.
You are agile. (Dex +2)


Message History

The jelly is moderately wounded.
The jelly barely misses you.
You hit the jelly but do no damage.
The jelly is moderately wounded.
The jelly hits you.
You are splashed with acid!
The acid burns!
* * * LOW HITPOINT WARNING * * *
You feel better. The jelly completely misses you.
Use which ability? (? or * to list)
You offer yourself to Yredelemnul, and fill with unholy energy.
The jelly closely misses you. The jelly hits you.
You are splashed with acid!
The acid burns!
* * * LOW HITPOINT WARNING * * *
Yredelemnul mirrors your injury!
The jelly is heavily wounded.
The jelly closely misses you. The jelly hits you.
* * * LOW HITPOINT WARNING * * *
You are splashed with acid!
The acid corrodes your equipment!
The acid burns!
You die...
Your body rises from the dead as a mindless zombie.

######....................#.#
.........##.#####......#.###.#
..............................
#..........####.#..#.#.#.#..
#..........# #.#..#.#.#.#..
#?.........# #.#..#.#.#.#..
#..........# #.#..#........
##.........J####.#..#........
..>..........@..........#+#...
###..........####.#.##..'∩+...
###############.#....)#'#...
#.....##.........
#.....##.........
#.....##....####.
#.....##....##...
#.....##....##...
#.....#####.##...


You could see a jelly.

Vanquished Creatures
  The ghost of JackS81 the Spear-Bearer, an average MfDK of Yredelemnul (D:4)
  A scorpion (D:4)
  A hound (D:4)
  A gnoll shaman (D:3)
  3 worker ants
  A worker ant zombie (D:5)
  8 gnolls
  2 adders (D:3)
  A giant mite (D:2)
  A shadow imp (D:5)
  2 worms (D:2)
  3 giant geckos
  3 oozes
  6 orcs
  3 giant cockroaches
  7 goblins
  14 hobgoblins
  8 bats
  2 giant newts
  7 kobolds
  A kobold zombie (D:5)
  3 rats
79 creatures vanquished.

Vanquished Creatures (collateral kills)
  An iguana (D:4)
  Jessica (D:3)
  A hound skeleton (D:4)
  4 gnolls
  3 adders
  A worm (D:2)
  An ooze (D:2)
  2 bats (D:4)
  A giant cockroach (D:4)
  A hobgoblin (D:2)
  A quokka (D:4)
17 creatures vanquished.

Vanquished Creatures (others)
  A hound skeleton (D:4)
  A worker ant zombie (D:4)
  4 gnoll zombies
  A goblin zombie (D:5)
  2 hobgoblin zombies
  A kobold zombie (D:4)
  2 orc zombies (D:3)
12 creatures vanquished.

Grand Total: 108 creatures vanquished

Notes
Turn   | Place    | Note
--------------------------------------------------------------
     0 | D:1      | JackS81, the Merfolk Death Knight, began the quest for the Orb.
     0 | D:1      | Reached XP level 1. HP: 16/16 MP: 2/2
   307 | D:1      | Reached XP level 2. HP: 20/23 MP: 4/4
   596 | D:2      | Reached skill level 4 in Polearms
   643 | D:2      | Reached XP level 3. HP: 28/28 MP: 5/5
   869 | D:2      | Reached skill level 5 in Polearms
  1007 | D:2      | Reached XP level 4. HP: 31/34 MP: 7/7
  1212 | D:3      | Acquired Yredelemnul's second power
  1255 | D:3      | Reached skill level 6 in Polearms
  1576 | D:3      | Reached XP level 5. HP: 28/39 MP: 6/8
  1691 | D:3      | Reached skill level 7 in Polearms
  1748 | D:3      | Noticed Jessica
  1750 | D:3      | Gained mutation: You are agile. (Dex +2) [potion of beneficial mutation]
  1763 | D:3      | Killed Jessica
  1949 | D:4      | Reached skill level 8 in Polearms
  2001 | D:4      | Reached XP level 6. HP: 14/46 MP: 10/10
  2410 | D:4      | Reached skill level 9 in Polearms
  2541 | D:4      | Found a bloodstained altar of Trog.
  2541 | D:4      | Found a shadowy altar of Dithmenos.
  2542 | D:4      | Found a shimmering altar of Xom.
  2544 | D:4      | Found a basalt altar of Yredelemnul.
  2545 | D:4      | Found an iron altar of Okawaru.
  2545 | D:4      | Found a glowing golden altar of the Shining One.
  2610 | D:4      | Found a deep blue altar of Sif Muna.
  2783 | D:4      | Noticed JackS81's ghost (average MfDK)
  2821 | D:4      | Killed JackS81's ghost
  2821 | D:4      | Reached skill level 10 in Polearms
  2821 | D:4      | Reached XP level 7. HP: 23/52 MP: 11/11
  2946 | D:4      | Acquired Yredelemnul's third power
  3149 | D:5      | Entered Level 5 of the Dungeon
  3261 | D:5      | Found a stormy altar of Qazlal.
  3358 | D:5      | Found Imogiam's Food Boutique.
  3407 | D:5      | Found a shattered altar of Ashenzari.
  3451 | D:5      | Splashed by a jelly's acid

Action                   |  1- 3 |  4- 6 |  7- 9 || total
-------------------------+-------+-------+-------++-------
Melee: Spear             |   132 |   247 |   124 ||   503
Throw: Stone             |       |    12 |       ||    12
Invok: Animate Remains   |     6 |    15 |     1 ||    22
       Animate Dead      |       |       |     2 ||     2
       Injury Mirror     |       |       |     1 ||     1
  Use: Potion            |     1 |     4 |     1 ||     6
       Scroll            |     1 |     2 |     7 ||    10
 Stab: Distracted        |     2 |     1 |       ||     3
  Eat: Chunk             |     1 |     6 |     1 ||     8
       Fruit             |       |     3 |     2 ||     5
